 Dungeon Crawl Stone Soup version 0.31-a0-986-g5e6e4ef867 (webtiles) character file.

Game seed: 9544921982027935744

13953 lunkers the Bludgeoner (level 12, -4/106 HPs)
             Began as a Meteoran Fighter on Nov 21, 2023.
             Was an Initiate of Gozag.
             Slain by an ogre
             ... wielding a +0 giant club
              (23 damage)
             ... on level 10 of the Dungeon.
             The game lasted 00:18:44 (6038 turns).

lunkers the Bludgeoner (Meteoran Fighter)           Turns: 6038, Time: 00:18:45

Health: -4/106     AC: 13    Str: 18    XL:     12   Next: 72%
Magic:  13/13      EV: 14    Int: 11    God:    Gozag
Gold:   2352       SH: 10    Dex: 18    Spells: 11/11 levels left

rFire   . . .        b - +6 morningstar (freeze)
rCold   . . .        c - +0 buckler
rNeg    . . .        d - +1 scale mail
rPois   .            (no helmet)
rElec   .            (no cloak)
rCorr   .            x - +2 pair of gloves
SInv    .            (no boots)
Will    +....        p - amulet of reflection Stlth
                     (no ring)
HPRegen 0.37/turn    (no ring)
MPRegen 0.13/turn

%: reflection
@: gold aura, glowing
A: sense surroundings 2, otherworldly, glowing, explore regen
a: Renounce Religion, Potion Petition, Call Merchant, Bribe Branch


You were on level 10 of the Dungeon.
You worshipped Gozag.
Gozag was most pleased with you.
You visited 3 branches of the dungeon, and saw 12 of its levels.
You also visited: Bailey.

You collected 2493 gold pieces.
You paid 141 gold pieces to Gozag.

Inventory:

Hand Weapons
 b - a +6 morningstar of freezing (weapon)
Armour
 c - a +0 buckler (worn)
 d - a +1 scale mail (worn)
 r - a +0 helmet
 x - a +2 pair of gloves (worn)
Jewellery
 k - an amulet of magic regeneration
 n - a +4 ring of protection
 p - an amulet of reflection (around neck)
Wands
 g - a wand of roots (5)
 o - a wand of flame (31)
 s - a wand of light (9)
Scrolls
 h - a scroll of amnesia
 j - a scroll of immolation
 t - a scroll of enchant weapon
 w - 2 scrolls of enchant armour
Potions
 a - 4 potions of ambrosia
 e - a potion of lignification
 f - 3 potions of haste
 i - a potion of resistance
 l - 2 potions of heal wounds
 m - 5 potions of mutation
 q - 3 potions of curing


   Skills:
 + Level 10.0 Fighting
 - Level 16.0 Maces & Flails
 + Level 10.1 Armour
 + Level 9.3 Dodging
 - Level 3.2 Shields


You had 11 spell levels left.
You didn't know any spells.
Your spell library contained the following spells:

 Spells                   Type           Power      Damage    Failure   Level
 Static Discharge         Conj/Air       0%         3-3/arc   87%         2
 Sublimation of Blood     Necr           0%         N/A       87%         2
 Airstrike                Air            0%         2d(0-16)  100%        4
 Petrify                  Tmut/Erth      0%         N/A       100%        4
 Summon Lightning Spire   Summ/Air       0%         N/A       100%        4
 Irradiate                Conj/Tmut      0%         3d11      100%        5
 Haunt                    Necr/Summ      0%         N/A       100%        7
 Borgnjor's Revivificati  Necr           0%         N/A       100%        8
 Death's Door             Necr           0%         N/A       100%        9


Dungeon Overview and Level Annotations

Branches:
Dungeon (10/15) Zot: 343   Temple (1/1) D:4 Zot: 549     Orc (1/2) D:10 Zot: 576
 Bailey (visited)
   Lair: D:8-11

Altars:
Cheibriados
Dithmenos
Fedhas
Gozag
Hepliaklqana
Kikubaaqudgha
Makhleb
Nemelex Xobeh
Okawaru
Qazlal
Ru
Sif Muna
Trog
Uskayaw
Vehumet
Wu Jian
Xom
Yredelemnul
Zin

Shops:
D:3 *


Innate Abilities, Weirdness & Mutations

You passively map the area around you.
You are easily found by Zot.
You glow in the dark.
You regain HP and MP as you explore.


Message History

The orc warrior hits you with a +0 mace!
* * * LOW HITPOINT WARNING * * *
The orc sorcerer points at you and mumbles some strange words.
The bolt of fire hits the orc!!
The orc dies!
The bolt of fire misses you.
You closely miss the orc warrior.
The orc warrior is moderately wounded.
The ogre closely misses you. You block the orc warrior's attack.
The ogre hits you with a +0 giant club!!
* * * LOW HITPOINT WARNING * * *
You feel much better.
The orc warrior hits you with a +0 mace.
* * * LOW HITPOINT WARNING * * *
You closely miss the orc warrior.
The orc warrior is moderately wounded.
The ogre barely misses you.
The ogre hits you with a +0 giant club!!
* * * LOW HITPOINT WARNING * * *
The orc warrior misses you.
Okay, then.
You feel much better. You block the ogre's attack.
You block the orc warrior's attack. The ogre hits you with a +0 giant club!
* * * LOW HITPOINT WARNING * * *
You closely miss the orc warrior.
The orc warrior is moderately wounded.
Unknown command.
You closely miss the orc warrior.
The orc warrior is moderately wounded.
The orc warrior closely misses you. You block the ogre's attack.
The ogre completely misses you.
You barely miss the orc warrior.
The orc warrior is moderately wounded.
The rust devil is distracted by your dazzling golden aura.
The rust devil screeches!
You sock the orc sorcerer! You freeze the orc sorcerer.
The orc sorcerer is heavily wounded.
The ogre hits you with a +0 giant club!!
You die...
Your body crumbles into a pile of gold.

,,,*,,,,,,,#...................#.
,,,*,,,,,,,#...................#.
,,,*,,,,,,,#...................#(
,*******,,,#...................#+
,****,**,,,######################
,,,,,,,,,,,,* #######8###8###8###
,,,,,,,,,,,,* #≈≈≈.#...#...#..)#[
,,,,,,,,,,,,* #≈≈oo#...........[[
,****,**,*****#≈@Oo'...........[)
,****,**,****,#≈≈O4#.............
,,,,,,,,,,,,,,#≈≈≈.#...#...#...#.
,,,,,,,,,,,,,,#######8###8###.###
,,,,,,,,,,,,,,**** ### #########
*****,,,,**,,,,,,* *****###'#....
,,,**,,,,**,,,,,,***,,,*#........
,,,*,,,,,,*,,,,,,*,,,,,,#........
,,,+,,,,,,*,,,,,,*,,,,,,#........


You could see a rust devil (summoned), an orc sorcerer (strong), an orc warrior
(strong), 2 ogres and an orc (strong).

Vanquished Creatures
  2 two-headed ogres
  Lodul (D:10)
  A manticore (D:10)
  3 kobold demonologists (D:10)
  Psyche (D:10)
  A queen bee (D:9)
  2 trolls (D:10)
  A hornet (D:7)
  4 shadows (D:10)
  2 wyverns
  6 spriggans (Bailey)
  13 yaks
  3 acid dragons
  2 ice beasts
  A water moccasin (D:7)
  A sky beast (D:7)
  7 orc warriors
  2 black bears
  14 ogres
  6 centaurs
  6 kobold brigands
  A scorpion (D:6)
  2 bullfrogs
  5 wights
  17 killer bees (D:9)
  A lava snake (D:8)
  2 quasits (D:4)
  3 hounds
  3 jellies
  9 orc priests
  A gnoll bouda (D:9)
  Jessica (D:3)
  8 iguanas
  A sleepcap (D:4)
  13 orc wizards
  6 adders
  8 gnolls
  6 shadow imps
  3 white imps
  An ufetubus (D:4)
  3 worms
  A dart slug (D:3)
  44 orcs
  4 bats
  4 endoplasms
  2 giant cockroaches
  6 goblins
  4 hobgoblins
  2 jackals (D:3)
  A quokka (D:2)
  4 ball pythons
  3 frilled lizards (D:2)
  17 kobolds
  2 rats
267 creatures vanquished.

Vanquished Creatures (others)
  An orc wizard (D:8)
  An orc (D:10)
2 creatures vanquished.

Grand Total: 269 creatures vanquished

Notes
Turn   | Place    | Note
-------+----------+-------------------------------------------
     0 | D:1      | lunkers the Meteoran Fighter began the quest for the Orb.
     0 | D:1      | Reached XP level 1. HP: 19/19 MP: 2/2
   122 | D:1      | Reached skill level 3 in Maces & Flails
   158 | D:1      | Reached XP level 2. HP: 26/26 MP: 3/3
   479 | D:2      | Reached skill level 4 in Maces & Flails
   506 | D:2      | Reached XP level 3. HP: 31/31 MP: 4/4
   671 | D:2      | Reached skill level 5 in Maces & Flails
   678 | D:2      | Reached XP level 4. HP: 37/38 MP: 5/5
   907 | D:3      | Found a basalt altar of Yredelemnul.
   923 | D:3      | Noticed Jessica
   926 | D:3      | Found Widusim's General Store.
   932 | D:3      | Killed Jessica
   933 | D:3      | Reached skill level 6 in Maces & Flails
   937 | D:3      | Reached XP level 5. HP: 36/45 MP: 6/6
  1291 | D:4      | Reached skill level 7 in Maces & Flails
  1291 | D:4      | Reached XP level 6. HP: 14/51 MP: 7/7
  1372 | D:4      | Found a staircase to the Ecumenical Temple.
  1380 | Temple   | Entered the Ecumenical Temple
  1405 | Temple   | Became a worshipper of Gozag Ym Sagoz the Greedy
  1469 | D:4      | Reached skill level 8 in Maces & Flails
  1537 | D:4      | Reached XP level 7. HP: 57/57 MP: 8/8
  1628 | D:4      | Reached skill level 9 in Maces & Flails
  1664 | D:4      | Found a radiant altar of Vehumet.
  1948 | D:4      | Found an iron altar of Okawaru.
  1973 | D:4      | Reached skill level 10 in Maces & Flails
  2161 | D:5      | Entered Level 5 of the Dungeon
  2215 | D:5      | Reached XP level 8. HP: 63/63 MP: 9/9
  2281 | D:5      | Reached skill level 1 in Dodging
  2330 | D:5      | Reached skill level 11 in Maces & Flails
  2776 | D:6      | Gained mutation: You passively map the area around you.
                  | [Meteoran growth]
  2776 | D:6      | Reached XP level 9. HP: 72/72 MP: 10/10
  2981 | D:6      | Reached skill level 12 in Maces & Flails
  2990 | D:6      | Found a snail-covered altar of Cheibriados.
  3054 | D:6      | Found a shimmering blue altar of Sif Muna.
  3145 | D:6      | Reached skill level 5 in Fighting
  3145 | D:6      | Reached skill level 5 in Armour
  3364 | D:7      | Noticed a hornet
  3371 | D:7      | Paralysed by a hornet for 3 turns
  3378 | D:7      | Killed a hornet
  3486 | D:7      | Found a stormy altar of Qazlal.
  3514 | D:7      | Reached skill level 13 in Maces & Flails
  3514 | D:7      | Reached XP level 10. HP: 83/83 MP: 11/11
  3578 | D:7      | Found a sparkling altar of Nemelex Xobeh.
  3822 | D:8      | Noticed a two-headed ogre
  3832 | D:8      | Killed a two-headed ogre
  3833 | D:8      | Reached skill level 5 in Dodging
  3893 | D:8      | Reached skill level 14 in Maces & Flails
  4124 | D:8      | Found a blossoming altar of Fedhas.
  4363 | D:9      | Reached XP level 11. HP: 86/92 MP: 12/12
  4471 | D:9      | Reached skill level 15 in Maces & Flails
  4783 | D:10     | Entered Level 10 of the Dungeon
  4805 | D:10     | Noticed Lodul
  4833 | D:10     | Killed Lodul
  4998 | D:10     | Reached skill level 16 in Maces & Flails
  5063 | D:10     | Noticed Psyche
  5071 | D:10     | Killed Psyche
  5138 | D:10     | Reached XP level 12. HP: 79/103 MP: 13/13
  5161 | D:10     | Found a staircase to the Orcish Mines.
  5174 | D:13     | Identified the "Puoroq"
  5174 | D:13     | Identified the "Kimiric"
  5174 | D:13     | Identified the "Quhaoxt"
  5174 | Orc:1    | Entered Level 1 of the Orcish Mines
  5190 | Orc:1    | Noticed an orc warlord
  5292 | D:10     | Found a flagged portal.
  5325 | Bailey   | Entered a bailey
  5454 | Bailey   | Noticed a two-headed ogre
  5459 | Bailey   | Identified the +5 orcbow of Tortfeasance {flame, rPois rF+
                  | rC+}
  5461 | Bailey   | Killed a two-headed ogre
  5613 | D:10     | Found a sacrificial altar of Ru.
  5665 | D:10     | Noticed a sun demon
  5928 | D:10     | Reached skill level 10 in Armour
  5938 | D:10     | Reached skill level 10 in Fighting
  6038 | D:10     | Slain by an ogre

Illustrated notes

Levels and vault maps discovered:
D:1:      lightli_arrival_boilingwater, layout_basic
D:2:      layout_basic, minmay_misc_feat_iff
D:3:      layout_basic, mainiacjoe_overflow_chevrons, serial_shops,
          nicolae_diamond_shop, kennysheep_generic_room_5, uniq_jessica
D:4:      layout_basic, hellmonk_okawaru_the_only_friend_you_need,
          mainiacjoe_overflow_brackets, minmay_temple_entry_statues_fountains,
          serial_demonic, serial_demonic_a, serial_demonic_d, serial_demonic_f,
          serial_demonic_c, serial_demonic_d, serial_demonic_d
D:5:      minmay_skewed_foursquare, layout_basic, uniq_duvessa, uniq_pikel
D:6:      layout_loops_cross, mainiacjoe_overflow_alcove_4,
          mainiacjoe_overflow_boulevard, minmay_between
D:7:      minmay_cornered_nines, layout_basic, lemuel_doored_altar,
          nicolae_qazlal_eye_of_the_storm, nicolae_ashenzari_skybound,
          minivault_25
D:8:      layout_layer_cave, mainiacjoe_overflow_concentric_impassable,
          kennysheep_donut, minmay_misc_feat_five
D:9:      layout_basic, jmf_multi_god_temple, gammafunk_ghost_necromancy,
          minivault_7
D:10:     layout_gridville, nicolae_ru_path_of_blood, david_orc_4,
          gammafunk_ghost_ooze, enter_bailey_4, minmay_alternating_orb,
          uniq_lodul, uniq_psyche
Temple:   hellmonk_temple_beads
Orc:1:    layout_caves, uniq_erolcha

Skill      XL: |  1  2  3  4  5  6  7  8  9 10 11 12 |
---------------+-------------------------------------+-----
Maces & Flails | 3 4 5 6 7 8 10 11 13 14 16 | 16.0
Dodging        | 2 4 6 7 9 |  9.3
Armour         | 4 5 7 8 10 | 10.1
Fighting       | 4 5 7 8 10 | 10.0
Shields        | |  3.2

Action                     |  1- 3 |  4- 6 |  7- 9 | 10-12 || total
---------------------------+-------+-------+-------+-------++-------
  Melee: Flail             |   109 |   120 |   290 |       ||   519
         Morningstar       |       |       |    23 |   548 ||   571
 Invoke: Potion Petition   |       |       |       |     1 ||     1
    Use: Potion            |       |       |     1 |     2 ||     3
         Scroll            |       |       |       |    23 ||    23
   Stab: Distracted        |       |       |       |     5 ||     5
 Armour: Scale mail        |    67 |    94 |   149 |   243 ||   553
  Dodge: Dodged            |    57 |    59 |    83 |   211 ||   410
  Block: Buckler           |    34 |    69 |   124 |   248 ||   475
         Reflection        |       |     2 |     8 |     8 ||    18

Table legend: (Time is in decaauts)
 A = Elapsed time spent in this place.
 B = Non-inter-level travel time spent in this place.
 C = Inter-level travel time spent in this place.
 D = Time resting spent in this place.
 E = Time spent auto-exploring this place.
 F = Levels seen in this place.
 G = Mean time per level.
                   A        B        C        D        E       F      G
               +--------+--------+--------+--------+--------+-----+--------+
         Total |   5935 |   5623 |    312 |      0 |   3426 |  13 |  456.5 |
       Dungeon |   5655 |   5391 |    264 |      0 |   3329 |  10 |  565.5 |
        Temple |     50 |      2 |     48 |      0 |      0 |   1 |   50.0 |
  Orcish Mines |     23 |     23 |      0 |      0 |      0 |   1 |   23.0 |
        Bailey |    206 |    206 |      0 |      0 |     97 |   1 |  206.0 |
               +--------+--------+--------+--------+--------+-----+--------+

Top non-repeatable levels by time:
    D:10: 957 daAuts
     D:4: 869 daAuts
     D:6: 670 daAuts
     D:9: 602 daAuts
     D:8: 546 daAuts
     D:5: 500 daAuts
     D:2: 462 daAuts
     D:1: 410 daAuts
     D:3: 406 daAuts
     D:7: 232 daAuts
  Bailey: 206 daAuts
  Temple: 50 daAuts
   Orc:1: 23 daAuts
